 Dungeon Crawl Stone Soup version 0.21-a0-349-g0c35859 (webtiles) character file.

14 terra52 the Skirmisher (level 2, 15/24 HPs)
             Began as a Mummy Fighter on Oct 7, 2017.
             Quit the game on level 2 of the Dungeon.
             The game lasted 00:01:10 (267 turns).

terra52 the Skirmisher (Mummy Fighter)               Turns: 267, Time: 00:01:11

Health: 15/24      AC:  6    Str: 19    XL:     2   Next: 31%
Magic:  2/2        EV:  7    Int:  7    God:
Gold:   36         SH:  8    Dex: 11    Spells: 1/1 levels left

rFire    x . .     SeeInvis .   a - +0 trident
rCold    + . .     Gourm    .   c - +0 shield
rNeg     + + +     Faith    .   b - +0 scale mail
rPois    ∞         Spirit   .   (no helmet)
rElec    .         Reflect  .   (no cloak)
rCorr    .         Harm     .   (no gloves)
MR       .....                  (no boots)
Stlth    ..........             (no amulet)
HPRegen  0.08/turn              (no ring)
MPRegen  0.08/turn              (no ring)

@: no status effects
A: no food or potions, fire vulnerability, cold resistance 1, negative energy
resistance 3, torment resistance, unbreathing
a: no special abilities


You were on level 2 of the Dungeon.
You were not hungry.

You visited 1 branch of the dungeon, and saw 2 of its levels.

You collected 36 gold pieces.

Inventory:

Hand Weapons
 a - a +0 trident (weapon)
Armour
 b - a +0 scale mail (worn)
 c - a +0 shield (worn)
Scrolls
 d - a scroll of fear {unknown}
 e - 2 scrolls of teleportation {unknown}
 f - a scroll of identify {unknown}


   Skills:
 + Level 3.0 Fighting
 + Level 1.9 Polearms
 + Level 2.5 Armour
 + Level 0.2 Dodging
 + Level 2.6 Shields


You had one spell level left.
You didn't know any spells.

Dungeon Overview and Level Annotations

Branches:
Dungeon (2/15)

Altars:
Makhleb
Trog


Innate Abilities, Weirdness & Mutations

You do not eat or drink.
Your flesh is vulnerable to fire.
You are immune to poison.
Your flesh is cold resistant. (rC+)
You are immune to negative energy. (rN+++)
You are immune to unholy pain and torment.
You can survive without breathing.


Message History

You kill the rat!
You see here a rat corpse.
Unknown command.
The dart slug bites you.
The dart slug bites you but does no damage.
You hit the dart slug.
The dart slug is lightly wounded.
You block the dart slug's attack.
You puncture the dart slug!
You kill the dart slug!
A bat comes into view.
The bat barely misses you.
Found a bloodstained altar of Trog.
You miss the bat. The bat barely misses you.
The bat hits you but does no damage.
A bat comes into view.
The bat barely misses you. The bat hits you. You block the bat's attack.
You block the bat's attack.
Are you sure you want to abandon this character and quit the game? (Confirm with "yes".)

#........#
#........#
###.......#####
...............
#.........####.
#.........####
#......bb....#
#..####.####.#
#.. #..@..# #
#. #.......#
#.......#
....._.....
#..#.......#.#
#..#.......#.#
#. ##.....## #
###.###


You could see 2 bats.

Vanquished Creatures
  A dart slug (D:2)
  A giant cockroach (D:1)
  A hobgoblin (D:1)
  3 jackals (D:1)
  A ball python (D:1)
  2 kobolds (D:1)
  4 rats
13 creatures vanquished.

Notes
Turn   | Place    | Note
-------+----------+-------------------------------------------
     0 | D:1      | terra52 the Mummy Fighter began the quest for the Orb.
     0 | D:1      | Reached XP level 1. HP: 18/18 MP: 1/1
   112 | D:1      | Reached XP level 2. HP: 14/24 MP: 2/2
   193 | D:2      | Found a burning altar of Makhleb.
   261 | D:2      | Found a bloodstained altar of Trog.
   267 | D:2      | Quit the game

Vault maps used:
D:1:      roderic_crossed_star
D:2:      minmay_wonky_spiral, lemuel_crystal_altar, old_standard_altar,
          chequers_ecumenical_altar_island, uniq_sigmund, uniq_robin

Action                   || total
-------------------------++-------
Melee: Trident           ||    44
Armor: Scale mail        ||    19
Dodge: Dodged            ||    16
Block: Shield            ||    18

Table legend:
 A = Spawn XP
 B = Non-spawn XP
 C = Spawn XP percentage of total XP
 D = Spawn monster count
 E = Non-spawn monster count
 F = Spawn count percentage of total count
 G = Total turns spent on level
                    A         B        C        D         E        F      G
               +---------+---------+-------+---------+---------+-------+---------
         Total |       0 |      21 |   0.0 |       0 |      13 |   0.0 |   267
               +---------+---------+-------+---------+---------+-------+---------
           D:1 |       0 |      15 |   0.0 |       0 |      10 |   0.0 |   161
           D:2 |       0 |       6 |   0.0 |       0 |       3 |   0.0 |   106
               +---------+---------+-------+---------+---------+-------+---------
